 Dungeon Crawl Stone Soup version 0.26.0-10-g1f06aea511 (webtiles) character file.

Game seed: 4773154988179545372

2 Goblin1989 the Sneak (level 1, 0/18 HPs)
             Began as a Demonspawn Delver on Jan 17, 2021.
             Killed from afar by an orc wizard (7 damage)
             ... with a puff of frost
             ... on level 5 of the Dungeon.
             The game lasted 00:00:51 (46 turns).

Goblin1989 the Sneak (Demonspawn Delver)              Turns: 46, Time: 00:00:52

Health: 0/18       AC:  3    Str: 12    XL:     1   Next: 25%
Magic:  1/1        EV: 12    Int: 11    God:
Gold:   0          SH:  0    Dex: 14    Spells: 0/0 levels left

rFire    . . .     SeeInvis .   a - +0 short sword
rCold    . . .     Faith    .   (no shield)
rNeg     . . .     Spirit   .   b - +0 leather armour
rPois    .         Reflect  .   (no helmet)
rElec    .         Harm     .   (no cloak)
rCorr    .         Rampage  .   (no gloves)
Will     .....                  (no boots)
Stlth    ++........             (no amulet)
HPRegen  0.06/turn              (no ring)
MPRegen  0.07/turn              (no ring)

@: hasted, very quick
A: no striking features
a: no special abilities


You were on level 5 of the Dungeon.
You visited 1 branch of the dungeon, and saw 1 of its levels.

Inventory:

Hand Weapons
 a - a +0 short sword (weapon)
Armour
 b - a +0 leather armour (worn)
Wands
 g - a wand of digging (3) {@v1}
Scrolls
 c - a scroll of fog
 e - a scroll of fear
 M - a scroll of magic mapping


   Skills:
 - Level 3.0 Fighting
 + Level 1.8 Short Blades
 - Level 1.7 Dodging
 + Level 4.5 Stealth


You couldn't memorise any spells.
You didn't know any spells.
Your spell library was empty.

Dungeon Overview and Level Annotations

Branches:
Dungeon (5/15)
 Temple: D:4-7

Altars:

Annotations:
D:5 1 runed translucent door


Message History

You become a boggart!
Welcome, Goblin1989 the Demonspawn Delver.
Will you prevail where others failed? Will you find the Orb of Zot?
Press ? for a list of commands and other information.
Found a stone staircase leading down.
Found a runed translucent door.
Found a hand axe.
You see here a hand axe.
An orc comes into view. It is wielding a +0 club.
You closely miss the orc.
The orc shouts!
You hear a shout! x2
The orc hits you with a +0 club.
You hear a shout!
You take 1 damage, and have 17/18 hp.
You closely miss the orc. The orc barely misses you.
You hit the orc.
The orc is severely wounded.
You hit the orc.
You kill the orc!
Unknown command.
Unknown command. 2 orcs and an orc wizard come into view.
Things that are here:
a +0 club; an orc corpse You hit the orc but do no damage.
The orc hits you with a +0 hand axe.
You take 3 damage, and have 14/18 hp.
You hit the orc.
The orc is lightly wounded.
You hit the orc.
The orc is moderately wounded.
The orc hits you with a +0 hand axe.
* * * LOW HITPOINT WARNING * * *
You take 6 damage, and have 8/18 hp.
MASSIVE DAMAGE!!
You closely miss the orc.
The orc is moderately wounded.
The orc closely misses you.
You hit the orc but do no damage.
The orc is moderately wounded.
The orc hits you with a +0 hand axe.
* * * LOW HITPOINT WARNING * * *
You take 1 damage, and have 7/18 hp.
You feel yourself speed up. The orc hits you but does no damage.
You closely miss the orc.
The orc is moderately wounded.
You hit the orc wizard but do no damage.
You hit the orc wizard but do no damage.
You hit the orc wizard.
The orc wizard is lightly wounded.
The orc wizard looks encouraged for a moment.
You hit the orc wizard.
The orc wizard is moderately wounded.
The orc wizard hits you with a +0 dagger.
* * * LOW HITPOINT WARNING * * *
You take 1 damage, and have 7/18 hp.
You closely miss the orc wizard.
The orc wizard is moderately wounded.
Unknown command.
You closely miss the orc wizard.
The orc wizard is moderately wounded.
The orc wizard looks satisfied for a moment.
You closely miss the orc wizard.
The orc wizard is moderately wounded.
The orc wizard barely misses you.
You barely miss the orc wizard.
The orc wizard is moderately wounded.
You closely miss the orc wizard.
The orc wizard is moderately wounded.
The orc wizard closely misses you.
You hit the orc wizard.
The orc wizard is heavily wounded.
The orc wizard barely misses you.
You hit the orc wizard but do no damage.
The orc wizard is heavily wounded.
You closely miss the orc wizard.
The orc wizard is heavily wounded.
The orc wizard hits you but does no damage.
You closely miss the orc wizard.
The orc wizard is heavily wounded.
The orc wizard casts a spell at you. The puff of frost hits you!
You die...

..█≈≈≈█
███████████.█≈≈≈█
█...........█≈≈r█
█.█████████.█≈≈≈█
█.█ █.██▲██ █.█
█.....█ █.█
█████....██
█)█████.....>███
█.@oo.█.██████


████o██ .o..o...█ █████████ You could see an orc wizard and 2 orcs.

Vanquished Creatures
  An orc (D:5)
1 creature vanquished.

Notes
Turn   | Place    | Note
-------+----------+-------------------------------------------
     0 | D:5      | Goblin1989 the Demonspawn Delver began the quest for the
                  | Orb.
     0 | D:5      | Reached XP level 1. HP: 18/18 MP: 1/1
    24 | D:5      | Noticed an orc wizard
    46 | D:5      | Killed from afar by an orc wizard

Illustrated notes

Levels and vault maps discovered:
D:5:      lemuel_castle_with_subvaults [lemuel_castle_interior_original],
          layout_basic, ebering_ghost_sewer_f, guppyfry_early_orc_mine

Action                   || total
-------------------------++-------
Melee: Short sword       ||    23
  Use: Potion            ||     1
Armor: Leather armour    ||     1
Dodge: Dodged            ||     5
